 Dungeon Crawl Stone Soup version 0.31.0-32-g396128a36d (webtiles) character file.

Game seed: 2302476987359809785

239 obamaself2 the Shooter (level 6, 0/52 HPs)
             Began as a Hill Orc Hunter on Apr 19, 2024.
             Was a Priest of Zin.
             Slain by a centaur skeleton (4 damage)
             ... on level 4 of the Dungeon.
             The game lasted 00:13:49 (2954 turns).

obamaself2 the Shooter (Hill Orc Hunter)            Turns: 2954, Time: 00:13:50

Health: 0/52       AC:  3    Str: 14    XL:     6   Next: 7%
Magic:  0/6        EV: 12    Int:  9    God:    Zin [***...]
Gold:   46         SH:  0    Dex: 16    Spells: 5/5 levels left

rFire   . . .        a - +1 shortbow (freeze)
rCold   . . .        (shield currently unavailable)
rNeg    . . .        c - +0 leather armour
rPois   .            (no helmet)
rElec   .            (no cloak)
rCorr   .            (no gloves)
SInv    .            (no boots)
Will    .....        g - amulet of guardian spirit
Stlth   +            (no ring)
HPRegen 0.28/turn    (no ring)
MPRegen 0.10/turn

%: guardian spirit
@: on recite cooldown
A: no striking features
a: Renounce Religion, Recite, Vitalisation, Imprison, Donate Gold


You were on level 4 of the Dungeon.
You worshipped Zin.
Zin was most pleased with you.
You visited 1 branch of the dungeon, and saw 4 of its levels.

You collected 165 gold pieces.
You donated 119 gold pieces to Zin.

Inventory:

Hand Weapons
 a - a +1 shortbow of freezing (weapon)
Armour
 c - a +0 leather armour (worn)
Jewellery
 g - an amulet of guardian spirit (around neck)
 i - a ring of resist corrosion
 j - an amulet of magic regeneration
 l - a ring of protection from fire
Wands
 f - a wand of acid (12)
Scrolls
 e - 2 scrolls of identify
Potions
 b - a potion of mutation
 d - a potion of degeneration
 k - 2 potions of enlightenment


   Skills:
 + Level 4.0 Fighting
 + Level 5.5 Ranged Weapons
 + Level 2.0 Armour
 + Level 1.7 Dodging
 + Level 0.7 Stealth


You had 5 spell levels left.
You didn't know any spells.
Your spell library was empty.

Dungeon Overview and Level Annotations

Branches:
Dungeon (4/15)
 Temple: D:4-7

Altars:
Kikubaaqudgha
Okawaru
Ru
Zin

Annotations:
D:4 rutigerpupkin's ghost, amateur GrEE


Message History

The wyvern zombie is lightly damaged.
The centaur skeleton barely misses you.
The centaur skeleton kicks you but does no damage.
Rutigerpupkin's ghost hits you.
The water moccasin skeleton barely misses you.
The centaur skeleton barely misses you. The centaur skeleton kicks you.
You shoot an arrow.
The arrow hits the water moccasin skeleton.
The water moccasin skeleton is severely damaged.
The centaur skeleton closely misses you.
The centaur skeleton kicks you. Rutigerpupkin's ghost hits you.
The water moccasin skeleton bites you!
* * * LOW HITPOINT WARNING * * *
The centaur skeleton hits you but does no damage.
The centaur skeleton kicks you but does no damage.
You shoot an arrow.
The arrow barely misses the water moccasin skeleton.
The water moccasin skeleton barely misses you.
Rutigerpupkin's ghost points at you and mumbles some strange words.
The blast of sand hits you!
* * * LOW HITPOINT WARNING * * *
The centaur skeleton hits you.
* * * LOW HITPOINT WARNING * * *
The centaur skeleton kicks you but does no damage.
The water moccasin skeleton completely misses you.
Rutigerpupkin's ghost barely misses you.
You shoot an arrow.
The arrow hits the water moccasin skeleton.
The water moccasin skeleton is almost destroyed.
The centaur skeleton barely misses you. The centaur skeleton kicks you.
The water moccasin skeleton barely misses you.
Rutigerpupkin's ghost closely misses you.
The centaur skeleton hits you.
* * * LOW HITPOINT WARNING * * *
The centaur skeleton barely misses you.
The air fills with toxic fumes!
As you read the scroll of poison, it crumbles to dust.
The water moccasin skeleton closely misses you.
The centaur skeleton hits you.
You die...

#.# ######## ############## #.#
#§☼§§°.# ############## #.#
#§☼°§§.# ############## #.#
#§§§§°§# ##############
###.#####○§§§§☼# ##############
#........§°☼○○§##################
#.#.#....☼§○§☼°○☼○§§......)...).>
#.....####.##○§☼○§##############.
..#.#.# #.##§○Z@§##############.
..###.# #.###○ZW###.......).....
#.#...# #.#§°§☼Z§.#.#########...
#.#.######.##☼○☼☼§##.........#...
#.#........#○§§§○○§#..##.....#.#.
#.###########§○§§§##..#......#.#.
#.##.....# *°☼#§#§§#..#.....<..#.
#.##.....###########..#.....#..#.
#.##.....##.###...#.#.#........#.


You could see rutigerpupkin's ghost, a wyvern zombie, a water moccasin skeleton
and a centaur skeleton.

Vanquished Creatures
  Jessica (D:2)
  Natasha (D:2)
  2 orc wizards (D:4)
  A gnoll (D:3)
  3 adders
  A ribbon worm (D:3)
  5 dart slugs
  4 orcs
  11 ball pythons
  8 endoplasms
  4 giant cockroaches
  8 goblins
  8 hobgoblins
  3 jackals (D:2)
  11 kobolds
  2 quokkas (D:1)
  7 bats
  7 frilled lizards
  4 rats
91 creatures vanquished.

Notes
Turn   | Place    | Note
-------+----------+-------------------------------------------
     0 | D:1      | obamaself2 the Hill Orc Hunter began the quest for the Orb.
     0 | D:1      | Reached XP level 1. HP: 18/18 MP: 1/1
    54 | D:1      | Found a faded altar of an unknown god.
    84 | D:1      | Prayed at the altar of an unknown god.
    84 | D:1      | Became a worshipper of Zin the Law-Giver
    84 | D:1      | Reached * piety under Zin
   105 | D:1      | Reached XP level 2. HP: 25/25 MP: 2/2
   169 | D:1      | Reached skill level 4 in Ranged Weapons
   298 | D:1      | Reached XP level 3. HP: 30/30 MP: 3/3
   414 | D:2      | Noticed Jessica
   422 | D:2      | Killed Jessica
   423 | D:2      | Reached XP level 4. HP: 33/38 MP: 4/4
   510 | D:2      | Found a sacrificial altar of Ru.
   702 | D:2      | Noticed Natasha
   784 | D:2      | Reached ** piety under Zin
   889 | D:2      | Killed Natasha
   890 | D:2      | Reached skill level 5 in Ranged Weapons
  1102 | D:3      | Reached XP level 5. HP: 41/45 MP: 5/5
  1300 | D:3      | Reached skill level 1 in Armour
  1336 | D:3      | Found an ancient bone altar of Kikubaaqudgha.
  1824 | D:3      | Found an iron altar of Okawaru.
  1918 | D:3      | Donated 55 gold pieces to Zin
  2015 | D:4      | Reached *** piety under Zin
  2228 | D:4      | Found a runed translucent gate.
  2228 | D:4      | Found a runed translucent gate.
  2229 | D:4      | Found a runed translucent gate.
  2232 | D:4      | Noticed rutigerpupkin's ghost (amateur GrEE)
  2323 | D:4      | Reached XP level 6. HP: 35/52 MP: 6/6
  2939 | D:4      | Donated 48 gold pieces to Zin
  2954 | D:4      | Slain by a centaur skeleton

Illustrated notes

Levels and vault maps discovered:
D:1:      nzn_arrival_water_spiral, layout_rooms,
          shapermc_ecumenical_altar_pompeii
D:2:      layout_basic, basic_altar, nicolae_concentric_dashed_squares_wild,
          dreamdust_princess_bridge, uniq_natasha, uniq_jessica
D:3:      layout_basic, okawaru_altar_gauntlet_db, kiku_gazebo_pond_becter,
          lexackson_kobold_supper
D:4:      layout_basic, gammafunk_ghost_necromancy, hangedman_decor_peaks_small

Skill      XL: |  1  2  3  4  5  6 |
---------------+-------------------+-----
Ranged Weapons | 4 5 |  5.5
Fighting       | 3 4 |  4.0
Armour         | 2 |  2.0
Dodging        | |  1.7
Stealth        | |  0.7

Action                     |  1- 3 |  4- 6 || total
---------------------------+-------+-------++-------
  Melee: Shortbow          |       |     3 ||     3
   Fire: Shortbow          |    57 |   208 ||   265
 Invoke: Donate Gold       |       |     2 ||     2
         Recite            |       |     1 ||     1
    Use: Scroll            |       |    15 ||    15
         Potion            |       |     3 ||     3
 Armour: Leather armour    |    11 |   107 ||   118
  Dodge: Dodged            |     6 |    97 ||   103
